 Dungeon Crawl Stone Soup version 0.26-a0-661-g406de6ba63 (webtiles) character file.

Game seed: 15900417988297259740

74 grandjackal the Ducker (level 4, -1/35 HPs)
             Began as a Demonspawn Gladiator on Oct 9, 2020.
             Slain by a white imp (3 damage)
             ... summoned by Eustachio
             ... on level 4 of the Dungeon.
             The game lasted 00:02:22 (1354 turns).

grandjackal the Ducker (Demonspawn Gladiator)       Turns: 1354, Time: 00:02:23

Health: -1/35      AC:  5    Str: 16      XL:     4   Next: 10%
Magic:  0/4        EV: 12    Int:  9      God:
Gold:   148        SH:  0    Dex: 10 (14) Spells: 3/3 levels left

rFire    . . .     SeeInvis +   a - +0 long sword
rCold    . . .     Faith    .   (no shield)
rNeg     . . .     Spirit   +   b - +0 leather armour
rPois    .         Reflect  .   j - +1 helmet {SInv}
rElec    .         Harm     .   (no cloak)
rCorr    .         Rampage  .   (no gloves)
MR       .....                  (no boots)
Stlth    +.........             (no amulet)
HPRegen  0.11/turn              (no ring)
MPRegen  0.09/turn              (no ring)

@: no status effects
A: demonic guardian 1, magic shield
a: no special abilities


You were on level 4 of the Dungeon.
You visited 1 branch of the dungeon, and saw 3 of its levels.

You collected 148 gold pieces.

Inventory:

Hand Weapons
 a - a +0 long sword (weapon)
 g - a +0 short sword of venom
 i - a +4 dagger
Missiles
 d - 2 throwing nets (quivered)
 e - 10 poisoned darts
Armour
 b - a +0 leather armour (worn)
 j - a +1 helmet of see invisible (worn)
Scrolls
 f - a scroll of teleportation {unknown}
 h - a scroll of blinking {unknown}
 k - a scroll of enchant armour {unknown}
 l - a scroll of immolation {unknown}


   Skills:
 + Level 3.0 Fighting
 + Level 3.4 Long Blades
 - Level 1.7 Throwing
 + Level 3.4 Dodging


You had 3 spell levels left.
You didn't know any spells.
Your spell library was empty.

Dungeon Overview and Level Annotations

Branches:
Dungeon (2/15)

Altars:

Annotations:
D:4 Eustachio


Innate Abilities, Weirdness & Mutations

A weak demonic guardian rushes to your aid.
When hurt, damage is shared between your health and your magic reserves.


Message History

* * * LOW HITPOINT WARNING * * *
The quokka bites you but does no damage.
Eustachio hits you but does no damage.
You closely miss Eustachio.
Eustachio is heavily wounded.
Your ufetubus hits the quokka. x2
The quokka dies!
The quokka's corpse disappears in a puff of smoke!
The white imp closely misses you. The river rat completely misses you.
You riposte.
You hit the river rat but do no damage. Eustachio hits you with a +0 rapier.
* * * LOW HITPOINT WARNING * * *
You closely miss Eustachio.
Eustachio is heavily wounded.
Your ufetubus hits Eustachio.
Your ufetubus hits Eustachio but does no damage.
The white imp hits you.
* * * LOW HITPOINT WARNING * * *
The white imp freezes you.
You die...

#. #.# #### #.# #..
#.### #.# #...####.#
#........###########
#...###....5@@rr....
#..#......5r5######.
#..#.###.###.#
#......... ....
##.#.###.###.#.#
#.#.# #.#.......
#.#.# #.....# ###
#.#.###.. [.#
#....### ..#


You could see Eustachio, 2 river rats, a white imp (summoned), a rat (summoned),
a friendly shadow imp (summoned) and a friendly ufetubus (summoned).

Vanquished Creatures
  A centaur skeleton (D:4)
  2 worms (D:2)
  3 dart slugs (D:1)
  A leopard gecko (D:2)
  6 bats
  A giant cockroach (D:1)
  5 goblins
  6 hobgoblins
  A quokka (D:2)
  2 frilled lizards (D:1)
  6 kobolds
  3 rats
37 creatures vanquished.

Notes
Turn   | Place    | Note
-------+----------+-------------------------------------------
     0 | D:1      | grandjackal the Demonspawn Gladiator began the quest for
                  | the Orb.
     0 | D:1      | Reached XP level 1. HP: 16/16 MP: 1/1
   213 | D:1      | Gained mutation: When hurt, damage is shared between your
                  | health and your magic reserves. [demonic ancestry]
   213 | D:1      | Reached XP level 2. HP: 20/22 MP: 2/2
   826 | D:1      | Gained mutation: A weak demonic guardian rushes to your
                  | aid. [demonic ancestry]
   826 | D:1      | Reached XP level 3. HP: 28/28 MP: 3/3
  1294 | D:2      | You fall into a shaft and drop 2 floors!
  1328 | D:4      | Noticed Eustachio
  1334 | D:4      | Reached XP level 4. HP: 32/35 MP: 2/4
  1354 | D:4      | Slain by a white imp

Illustrated notes

Levels and vault maps discovered:
D:1:      dpeg_arrival_tiny_c, layout_rooms
D:2:      layout_loops_corners
D:4:      layout_loops_ring, lemuel_coloured_pillars_altar, uniq_robin,
          uniq_eustachio

Skill      XL: |  1  2  3 |
---------------+----------+-----
Long Blades    | 3 |  3.4
Dodging        | 3 |  3.4
Fighting       | 3 |  3.0
Throwing       | |  1.7

Action                   |  1- 3 |  4- 6 || total
-------------------------+-------+-------++-------
Melee: Long sword        |    88 |    15 ||   103
Throw: Throwing net      |       |     1 ||     1
  Use: Potion            |     1 |     2 ||     3
 Stab: Sleeping          |     1 |       ||     1
Armor: Leather armour    |    27 |    31 ||    58
Dodge: Dodged            |    61 |    58 ||   119
       Rpst.: Long sword |    21 |    12 ||    33

Table legend: (Time is in decaauts)
 A = Elapsed time spent in this place.
 B = Non-inter-level travel time spent in this place.
 C = Inter-level travel time spent in this place.
 D = Time resting spent in this place.
 E = Time spent auto-exploring this place.
 F = Levels seen in this place.
 G = Mean time per level.
                   A        B        C        D        E       F      G
               +--------+--------+--------+--------+--------+-----+--------+
         Total |   1377 |   1358 |     19 |    293 |    779 |   3 |  459.0 |
       Dungeon |   1377 |   1358 |     19 |    293 |    779 |   3 |  459.0 |
               +--------+--------+--------+--------+--------+-----+--------+

Top non-repeatable levels by time:
     D:1: 945 daAuts
     D:2: 369 daAuts
     D:4: 62 daAuts
